 Dungeon Crawl Stone Soup version 0.29-a0-321-gf1c400731a (webtiles) character file.

Game seed: 16769489281727527774

154 Laraso the Bolt Thrower (level 5, -2/45 HPs)
             Began as a Naga Hunter on Apr 4, 2022.
             Slain by a gnoll sergeant
             ... wielding a +2 spear of freezing
              (3 damage)
             ... on level 4 of the Dungeon.
             The game lasted 00:06:31 (2644 turns).

Laraso the Bolt Thrower (Naga Hunter)               Turns: 2644, Time: 00:06:32

Health: -2/45      AC:  5    Str: 13    XL:     5   Next: 36%
Magic:  5/5        EV:  9    Int: 11    God:
Gold:   185        SH:  0    Dex: 15    Spells: 4/4 levels left

rFire   . . .      SeeInvis +   a - +1 hand crossbow
rCold   . . .      Faith    .   (no shield)
rNeg    . . .      Spirit   .   b - +1 leather armour
rPois   +          Reflect  .   j - +0 helmet
rElec   .          Harm     +   i - scarf {harm}
rCorr   .          Rampage  .   (no gloves)
Will    .....                   (no barding)
Stlth   ++........              (no amulet)
HPRegen 0.15/turn               (no ring)
MPRegen 0.09/turn               (no ring)

@: short of breath, very slow
A: AC +1, large, see invisible, deformed body, poison resistance, slowness 2,
spit poison 1, naga tail 1
a: Spit Poison


You were on level 4 of the Dungeon.
You visited 1 branch of the dungeon, and saw 4 of its levels.

You collected 185 gold pieces.

Inventory:

Hand Weapons
 a - a +1 hand crossbow (weapon)
Armour
 b - a +1 leather armour (worn)
 i - a scarf of harm (worn)
 j - a +0 helmet (worn)
Wands
 d - a wand of mindburst (8)
Scrolls
 c - a scroll of immolation
Potions
 e - 2 potions of resistance
 f - a potion of curing
 g - a potion of brilliance
 h - a potion of berserk rage {unknown}


   Skills:
 - Level 2.0 Fighting
 + Level 5.9 Crossbows
 - Level 1.5 Dodging
 - Level 1.5 Stealth


You had 4 spell levels left.
You didn't know any spells.
Your spell library was empty.

Dungeon Overview and Level Annotations

Branches:
Dungeon (4/15)
 Temple: D:4-7

Altars:
Yredelemnul

Shops:
D:1 *[=

Annotations:
D:4 3 runed translucent doors


Innate Abilities, Weirdness & Mutations

Your serpentine skin is tough. (AC +1)
You have supernaturally acute eyesight. (SInv)
Armour fits poorly on your strangely shaped body.
Your system is resistant to poisons. (rPois)
You cover ground very slowly.
You can spit poison.
You have a snake-like lower body.


Message History

Press: ? - help, Q - select action, (/) - cycle Shift-Dir - straight line, f/p - gnoll sergeant
Aim: a gnoll sergeant, wielding a +2 spear of freezing and wearing a +0 scale mail (heavily wounded, poisoned, 71% to hit)
You shoot a bolt.
The bolt closely misses the gnoll sergeant.
The gnoll shouts!
The gnoll sergeant looks more healthy.
A gnoll comes into view. It is wielding a +0 spear.
The gnoll sergeant hits you from afar with a +2 spear of freezing.
The gnoll sergeant freezes you.
Okay, then.
Shoot: a) +1 hand crossbow
Press: ? - help, Q - select action, (/) - cycle Shift-Dir - straight line, f/p - gnoll sergeant
Aim: a gnoll sergeant, wielding a +2 spear of freezing and wearing a +0 scale mail (severely wounded, 71% to hit)
You shoot a bolt.
The bolt barely misses the gnoll sergeant.
You have got your breath back.
The gnoll sergeant hits you from afar with a +2 spear of freezing!
The gnoll sergeant freezes you.
Aiming: Spit Poison (1% risk of failure)
Press: ? - help, Shift-Dir - straight line, f/p - gnoll sergeant
Aim: a gnoll sergeant, wielding a +2 spear of freezing and wearing a +0 scale mail (severely wounded, 70% to hit)
The splash of poison hits the gnoll sergeant but does no damage.
The gnoll sergeant is poisoned.
The gnoll sergeant is severely wounded.
The gnoll sergeant hits you from afar with a +2 spear of freezing.
The gnoll sergeant freezes you.
Unknown command.
Shoot: a) +1 hand crossbow
Press: ? - help, Q - select action, (/) - cycle Shift-Dir - straight line, f/p - gnoll sergeant
Aim: a gnoll sergeant, wielding a +2 spear of freezing and wearing a +0 scale mail (severely wounded, poisoned, 71% to hit)
You shoot a bolt. The bolt hits the gnoll sergeant.
The gnoll sergeant is almost dead.
The gnoll hits you but does no damage.
The gnoll sergeant hits you from afar with a +2 spear of freezing.
The gnoll sergeant freezes you.
The gnoll hits you from afar with a +0 spear.
The gnoll sergeant hits you from afar with a +2 spear of freezing!
* * * LOW HITPOINT WARNING * * *
The gnoll sergeant freezes you.
You die...

?#[.........
...........
#.#......
.......###
#...g#...# #
#..g......
.#.#.##gg##+++##
.......)##KKK.K#
.#.#.##@#PK#K#KP
.. #.#K.# # #
..#P.# .#.##..
..... #(? .. ###
## ... ###


You could see a gnoll sergeant (poisoned) and 3 gnolls.

Vanquished Creatures
  Natasha (D:3)
  Robin (D:3)
  3 adders
  A dart slug (D:1)
  4 worms
  An orc (D:4)
  3 ball pythons (D:1)
  4 bats
  4 endoplasms
  2 giant cockroaches (D:1)
  14 goblins
  12 hobgoblins
  5 jackals
  3 quokkas
  2 frilled lizards (D:1)
  5 kobolds
  2 rats
67 creatures vanquished.

Vanquished Creatures (others)
  3 fungi (D:4)
  A plant (D:4)
4 creatures vanquished.

Grand Total: 71 creatures vanquished

Notes
Turn   | Place    | Note
-------+----------+-------------------------------------------
     0 | D:1      | Laraso the Naga Hunter began the quest for the Orb.
     0 | D:1      | Reached XP level 1. HP: 19/19 MP: 1/1
   106 | D:1      | Found a faded altar of an unknown god.
   117 | D:1      | Reached skill level 4 in Crossbows
   117 | D:1      | Reached XP level 2. HP: 26/26 MP: 2/2
   216 | D:1      | Found Dohoarph's Jewellery Boutique.
   264 | D:1      | Reached XP level 3. HP: 32/32 MP: 3/3
   414 | D:1      | Found Jazxesor's General Store.
   674 | D:1      | Found Harph's Armour Shoppe.
  1097 | D:2      | Reached skill level 5 in Crossbows
  1097 | D:2      | Reached XP level 4. HP: 36/39 MP: 4/4
  1765 | D:3      | Noticed Natasha
  1773 | D:3      | Killed Natasha
  2042 | D:3      | Noticed Robin
  2284 | D:2      | Reached XP level 5. HP: 42/45 MP: 5/5
  2339 | D:3      | Killed Robin
  2406 | D:3      | Found a basalt altar of Yredelemnul.
  2586 | D:4      | Found a runed translucent gate.
  2586 | D:4      | Found a runed translucent gate.
  2586 | D:4      | Found a runed translucent gate.
  2587 | D:4      | Noticed a kobold brigand
  2644 | D:4      | HP: 1/45 [gnoll sergeant/+2 spear of freezing (13)]
  2644 | D:4      | Slain by a gnoll sergeant

Illustrated notes

Levels and vault maps discovered:
D:1:      minmay_arrival_plants_in_alcoves, layout_loops_cross, serial_shops,
          nicolae_shop_hallway_plus, shop_fountains, shop,
          shapermc_ecumenical_altar_gd, nicolae_wormholes
D:2:      layout_basic
D:3:      layout_basic, yredelemnul_altar_generic, uniq_robin, uniq_natasha
D:4:      layout_rooms, tgw_sif, kennysheep_mini, gammafunk_ghost_nasty_kobolds,
          mrwooster_statue_mirror, st_stairs_13

Skill      XL: |  1  2  3 |
---------------+----------+-----
Crossbows      | 4 5 |  5.9
Fighting       | |  2.0
Dodging        | |  1.5
Stealth        | |  1.5

Action                   |  1- 3 |  4- 6 || total
-------------------------+-------+-------++-------
 Fire: Hand crossbow     |    66 |    87 ||   153
 Abil: Spit Poison       |    12 |    13 ||    25
  Use: Scroll            |     4 |     5 ||     9
       Potion            |       |     1 ||     1
Armor: Leather armour    |     2 |    15 ||    17
Dodge: Dodged            |     9 |    24 ||    33

Table legend: (Time is in decaauts)
 A = Elapsed time spent in this place.
 B = Non-inter-level travel time spent in this place.
 C = Inter-level travel time spent in this place.
 D = Time resting spent in this place.
 E = Time spent auto-exploring this place.
 F = Levels seen in this place.
 G = Mean time per level.
                   A        B        C        D        E       F      G
               +--------+--------+--------+--------+--------+-----+--------+
         Total |   3356 |   3286 |     70 |    279 |   2541 |   4 |  839.0 |
       Dungeon |   3356 |   3286 |     70 |    279 |   2541 |   4 |  839.0 |
               +--------+--------+--------+--------+--------+-----+--------+

Top non-repeatable levels by time:
     D:2: 1365 daAuts
     D:1: 1007 daAuts
     D:3: 917 daAuts
     D:4: 65 daAuts
